 Dungeon Crawl Stone Soup version 0.20-a0-449-g96be121 (webtiles) character file.

483 AlphabetPasta the Caller (level 6, 0/47 HPs)
             Began as a Centaur Summoner on Jan 7, 2017.
             Was an Initiate of Nemelex Xobeh.
             Killed by nerve-wracking pain
             ... invoked by an orc priest
              (13 damage)
             ... on level 5 of the Dungeon.
             The game lasted 00:27:29 (5898 turns).

AlphabetPasta the Caller (Centaur Summoner)         Turns: 5898, Time: 00:27:31

Health: 0/47       AC:  7    Str: 10    XL:     6   Next: 87%
Magic:  7/10       EV:  9    Int: 16    God:    Nemelex Xobeh [......]
Gold:   143        SH:  0    Dex: 10    Spells: 1/11 levels left

rFire  . . .     SeeInvis .     e - +2 dagger (venom)
rCold  . . .     Gourm    .     a - +0 robe
rNeg   . . .     Faith    .     (no shield)
rPois  .         Spirit   .     w - +1 helmet
rElec  .         Reflect  .     (no cloak)
rCorr  .         Harm     .     l - +0 pair of gloves
MR     .....                    (no barding)
Stlth  +.........               (no amulet)
                                (no ring)
                                n - ring of flight

@: about to teleport, slowed
A: hooves 3, deformed body, speed 2, tough skin 3
a: Renounce Religion, Evoke Flight


You were on level 5 of the Dungeon.
You worshipped Nemelex Xobeh.
Nemelex Xobeh was noncommittal.
You were hungry.

You visited 2 branches of the dungeon, and saw 6 of its levels.
You also visited: Sewer.

You collected 143 gold pieces.

Inventory:

Hand Weapons
 e - a +2 dagger of venom (weapon)
 z - a +2 spear of pain
Missiles
 h - 51 arrows
Armour
 a - a +0 robe (worn)
 l - a +0 pair of gloves (worn)
 p - a +0 helmet
 w - a +1 helmet (worn)
Jewellery
 n - a ring of flight (left hand)
Scrolls
 i - 3 scrolls of remove curse
 k - a scroll of enchant weapon
 m - 3 scrolls of teleportation
 v - a scroll of recharging
Potions
 d - a potion of brilliance
 j - a potion of cure mutation
 q - 6 potions of curing
 r - 3 potions of heal wounds
 s - 4 potions of flight
 t - 3 potions of agility {unknown}
 u - a potion of might {unknown}
Books
 b - a book of Callings

   Spells                             Type                      Level
   a - Summon Small Mammal            Summoning                    1
   b - Call Imp                       Summoning                    2
   c - Call Canine Familiar           Summoning                    3
   d - Summon Guardian Golem          Hexes/Summoning              3
   e - Summon Lightning Spire         Summoning/Air                4
   f - Summon Ice Beast               Ice/Summoning                4
Miscellaneous
 y - a plain deck of destruction
Comestibles
 c - 7 bread rations
 f - a meat ration
 g - a slice of pizza
 x - 9 chunks of flesh


   Skills:
 - Level 1.3 Fighting
 - Level 1.4 Polearms
 + Level 0.1 Armour
 - Level 1.3 Dodging
 - Level 1.1 Stealth
 + Level 3.1 Spellcasting
 * Level 6.1 Summonings
 + Level 1.2 Invocations


You had one spell level left.
You knew the following spells:

 Your Spells              Type           Power        Failure   Level  Hunger
a - Summon Small Mammal   Summ           ###.         1%          1    None
b - Call Imp              Summ           ###.....     2%          2    ##.....
c - Call Canine Familiar  Summ           ###.....     6%          3    ###....
d - Summon Ice Beast      Ice/Summ       ##......     63%         4    ####...


Dungeon Overview and Level Annotations

Branches:
Dungeon (5/15)             Temple (1/1) D:4

Altars:
Ashenzari
Cheibriados
Dithmenos
Elyvilon
Fedhas
Hepliaklqana
Kikubaaqudgha
Makhleb
Nemelex Xobeh
Sif Muna
Uskayaw
Vehumet
Xom
Yredelemnul
Zin
The Shining One


Innate Abilities, Weirdness & Mutations

You have hooves in place of feet.
Armour fits poorly on your strangely shaped body.
You cover ground very quickly.
You have extremely tough skin. (AC +3)


Message History

As you read the scroll of teleportation, it crumbles to dust.
You feel strangely unstable.
Your hound bites the orc.
The orc wizard hits your hound but does no damage.
The water moccasin skeleton bites you. The orc hits your hound with a dagger.
Your hound dies!
Your hound's corpse disappears in a puff of smoke!
Your crimson imp barely misses the water moccasin skeleton.
The water moccasin skeleton bites you.
* * * LOW HITPOINT WARNING * * *
Your crimson imp hits the water moccasin skeleton.
The orc wizard misses you.
You hit the orc priest.
The orc priest is poisoned.
The orc priest is lightly wounded.
The orc wizard barely misses you.
The water moccasin skeleton barely misses you.
Your crimson imp barely misses the water moccasin skeleton.
The orc priest invokes the aid of Beogh against you.
Pain shoots through your body!
You die...
Your body disappears without a glow.

#.. #######.. ..
##........ ...
##........###...
#....<..........
#.#.......o[....
#.#.......oo.#
#.#.......@ZZ#
#####.#.......55########
#.......................
#...............########
#......)........#
#.....<)........#
#......รท........#
#...............#
#..............##


You could see an orc priest, an orc wizard, a crimson imp, an orc, a quokka
zombie, a water moccasin skeleton and a friendly crimson imp.

Vanquished Creatures
  A bullfrog zombie (D:5)
  4 orc wizards
  A hound skeleton (D:4)
  3 gnolls (D:3)
  6 adders
  4 river rats (Sewer)
  An ooze (D:1)
  An adder zombie (D:5)
  3 dart slugs (D:1)
  9 orcs
  7 ball pythons
  3 giant cockroaches
  5 goblins
  5 hobgoblins
  8 jackals
  2 quokkas
  5 bats (D:1)
  A frilled lizard (D:5)
  A jackal skeleton (D:4)
  19 kobolds
  A leopard gecko skeleton (D:4)
  24 rats
114 creatures vanquished.

Vanquished Creatures (collateral kills)
  A hound (D:4)
  A centaur skeleton (D:4)
  An iguana (D:4)
  2 orc wizards (D:4)
  A worker ant (D:4)
  A hound skeleton (D:4)
  6 orcs
  A giant cockroach (D:1)
  3 goblins (D:1)
  A hobgoblin (D:1)
  A jackal (D:1)
  A bat (D:1)
  3 kobolds (D:1)
  3 rats
26 creatures vanquished.

Grand Total: 140 creatures vanquished

Notes
Turn   | Place    | Note
-------+----------+-------------------------------------------
     0 | D:1      | AlphabetPasta the Centaur Summoner began the quest for the Orb.
     0 | D:1      | Reached XP level 1. HP: 14/14 MP: 3/3
     2 | D:1      | Noticed a merfolk
     2 | D:1      | Noticed a naga
     4 | D:1      | Noticed a demonspawn
     4 | D:1      | Noticed a draconian
     6 | D:1      | Noticed a demigod
     6 | D:1      | Noticed a felid
     8 | D:1      | Noticed a halfling
    10 | D:1      | Noticed a tengu
    12 | D:1      | Noticed a human
    12 | D:1      | Noticed a dwarf
    14 | D:1      | Noticed a troll
    14 | D:1      | Noticed a ghoul
    16 | D:1      | Noticed an octopode
    18 | D:1      | Noticed an elf
    18 | D:1      | Noticed an ogre
    20 | D:1      | Noticed a vampire
    22 | D:1      | Noticed a gargoyle
    22 | D:1      | Noticed a vine stalker
    24 | D:1      | Noticed a formicid
    24 | D:1      | Noticed a centaur
    26 | D:1      | Noticed a spriggan
    26 | D:1      | Noticed a minotaur
   574 | D:1      | Reached XP level 2. HP: 10/20 MP: 2/4
   578 | D:1      | Learned a level 2 spell: Call Imp
   817 | D:1      | Reached skill level 4 in Summonings
  1349 | D:1      | Reached XP level 3. HP: 9/26 MP: 6/6
  1582 | D:1      | Learned a level 3 spell: Call Canine Familiar
  2746 | D:3      | Reached XP level 4. HP: 33/33 MP: 3/7
  2939 | D:3      | Found a glowing drain.
  2960 | Sewer    | Entered a sewer
  3175 | Sewer    | Reached skill level 5 in Summonings
  3264 | Sewer    | Reached XP level 5. HP: 38/38 MP: 8/8
  3296 | Sewer    | Reached skill level 1 in Polearms
  4580 | D:4      | Learned a level 3 spell: Call Canine Familiar
  4911 | D:4      | Reached XP level 6. HP: 33/46 MP: 8/10
  5167 | D:4      | Reached skill level 1 in Fighting
  5237 | D:4      | Found a staircase to the Ecumenical Temple.
  5249 | Temple   | Entered the Ecumenical Temple
  5277 | Temple   | Became a worshipper of Nemelex Xobeh the Trickster
  5448 | D:4      | Received a gift from Nemelex Xobeh
  5458 | D:4      | Reached skill level 6 in Summonings
  5556 | D:4      | Found a blossoming altar of Fedhas.
  5677 | D:5      | Entered Level 5 of the Dungeon
  5719 | D:5      | Learned a level 4 spell: Summon Ice Beast
  5893 | D:5      | Reached skill level 1 in Invocations
  5898 | D:5      | Killed from afar by an orc priest

Vault maps used:
D:1:      kb_arrival_jail
D:2:      serial_aquarium, aquarium_bridge_straight,
          aquarium_bridge_long_separate, aquarium_window_corner,
          aquarium_window_1, aquarium_window_double, aquarium_window_1,
          aquarium_view_2a, aquarium_view_2d, aquarium_balcony_3b,
          aquarium_pool_corner
D:3:      gup_sewer_entry_glass
D:4:      first_bread, minmay_curled_crystal, fedhas_altar_4
D:5:      makhleb_altar_promises_db
Temple:   nicolae_temple_x_marks_the_god
Sewer:    sewer_minmay_treatment

Skill      XL: |  1  2  3  4  5  6 |
---------------+-------------------+-----
Summonings     | 4 5 6 |  6.1
Spellcasting   | 2 3 |  3.1
Polearms       | 1 |  1.4
Fighting       | 1 |  1.3
Invocations    | 1 |  1.2
Armour         | |  0.1
Dodging        | |  1.3
Stealth        | |  1.1

Action                   |  1- 3 |  4- 6 || total
-------------------------+-------+-------++-------
Melee: Unarmed           |    85 |       ||    85
       Kick              |    20 |    33 ||    53
       Dagger            |    64 |   275 ||   339
 Cast: Summon Small Mamm |    21 |       ||    21
       Call Canine Famil |     1 |     6 ||     7
       Call Imp          |       |     1 ||     1
  Use: Scroll            |     7 |     6 ||    13
       Potion            |       |     2 ||     2
 Stab: Distracted        |     1 |     1 ||     2
       Sleeping          |       |     1 ||     1
  Eat: Chunk             |     5 |     9 ||    14
Armor: Robe              |    64 |   112 ||   176
Dodge: Dodged            |    84 |   126 ||   210
